 Dungeon Crawl Stone Soup version 0.27-a0-1191-g601b473118 (webtiles) character file.

Game seed: 11297076885875019831

77 ahrsahrtis the Grave Robber (level 4, 0/28 HPs)
             Began as an Octopode Necromancer on May 24, 2021.
             Slain by a goblin
             ... wielding a +0 dagger
              (4 damage)
             ... on level 2 of the Dungeon.
             The game lasted 00:06:34 (3231 turns).

ahrsahrtis the Grave Robber (Octopode Necromancer)  Turns: 3231, Time: 00:06:35

Health: 0/28       AC:  1    Str:  7    XL:     4   Next: 34%
Magic:  2/7        EV: 13    Int: 18    God:
Gold:   33         SH:  0    Dex: 12    Spells: 6/8 levels left

rFire    . . .     SeeInvis .   c - +0 dagger
rCold    . . .     Faith    .   (no shield)
rNeg     . . .     Spirit   .   (helmet restricted)
rPois    .         Reflect  .   (no amulet)
rElec    .         Harm     .   (no ring)
rCorr    .         Rampage  .   (no ring)
Will     .....                  (no ring)
Stlth    +++.......             (no ring)
HPRegen  0.09/turn              (no ring)
MPRegen  0.10/turn              (no ring)
                                (no ring)
                                (no ring)

@: no status effects
A: almost no armour, amphibious, 8 rings, camouflage 1, gelatinous body 1,
(nimble swimmer 1), tentacles
a: no special abilities


You were on level 2 of the Dungeon.
You visited 1 branch of the dungeon, and saw 2 of its levels.

You collected 33 gold pieces.

Inventory:

Hand Weapons
 c - a +0 dagger (weapon)
Scrolls
 a - 4 scrolls of identify {unknown}
 e - a scroll of acquirement {unknown}
 f - a scroll of teleportation {unknown}
Potions
 b - a potion of attraction {unknown}
 d - a potion of might {unknown}
 g - a potion of curing {unknown}


   Skills:
 * Level 1.5 Fighting
 * Level 2.6 Dodging
 + Level 2.7 Stealth
 - Level 1.3 Unarmed Combat
 + Level 2.5 Spellcasting
 + Level 4.3 Necromancy


You had 6 spell levels left.
You knew the following spells:

 Your Spells              Type           Power      Damage    Failure   Level
a - Pain                  Necr           72%        1d7       2%          1
b - Animate Skeleton      Necr           36%        N/A       2%          1

Your spell library contained the following spells:

 Spells                   Type           Power      Damage    Failure   Level
 Vampiric Draining        Necr           9%         2d7       9%          3
 Animate Dead             Necr           9%         N/A       28%         4
 Agony                    Necr           18%        N/A       61%         5


Dungeon Overview and Level Annotations

Branches:
Dungeon (2/15)

Altars:

Shops:
D:1 *


Innate Abilities, Weirdness & Mutations

You cannot wear most types of armour.
You are amphibious.
You can wear up to eight rings at the same time.
Your skin changes colour to match your surroundings (Stealth+).
Your rubbery body absorbs attacks. (AC +1, EV +1)
((You are camouflaged near water. (Stealth+)))
You have tentacles for arms and can constrict up to eight enemies at once.


Message History

A hobgoblin comes into view.
You hit the hobgoblin. You grab the hobgoblin.
The hobgoblin is lightly wounded.
You constrict the hobgoblin. The hobgoblin closely misses you.
You hit the hobgoblin. You squeeze the hobgoblin.
You kill the hobgoblin!
The goblin shoots a stone.
The stone closely misses you.
The goblin unwields a +0 hunting sling.
The goblin wields a +0 dagger.
The goblin hits you with a +0 dagger. The hobgoblin misses you.
The goblin unwields a +0 dagger.
The goblin wields a +0 hunting sling.
The goblin shoots a stone.
The stone misses you.
There is an open door here.
You see here a +0 club.
You hit the hobgoblin but do no damage. You grab the hobgoblin.
You constrict the hobgoblin, but do no damage.
The hobgoblin barely misses you.
You hit the hobgoblin but do no damage.
You constrict the hobgoblin, but do no damage.
The hobgoblin hits you.
You hit the hobgoblin.
The hobgoblin is heavily wounded.
You constrict the hobgoblin, but do no damage.
The hobgoblin misses you.
You hit the hobgoblin but do no damage. You squeeze the hobgoblin.
You kill the hobgoblin!
The goblin shoots a stone.
The stone hits you.
* * * LOW HITPOINT WARNING * * *
The goblin unwields a +0 hunting sling.
The goblin wields a +0 dagger.
The goblin hits you with a +0 dagger.
* * * LOW HITPOINT WARNING * * *
You see here a hobgoblin corpse.
You closely miss the goblin. Your grab misses the goblin.
The goblin barely misses you.
You hit the goblin but do no damage. Your grab misses the goblin.
The goblin hits you with a +0 dagger.
* * * LOW HITPOINT WARNING * * *
You closely miss the goblin. You grab the goblin.
You constrict the goblin, but do no damage.
The goblin hits you with a +0 dagger.
You die...

#.# #..............#
########'####.....#.....#..#
...............###.........#
..............###..###...<.##
..............###.## ##.....#
..............#...# #.....#
................###
+####..>##
...............##.#...#
##...#
..........###..)@g)...+
#...## ..#########
##.##.#...# ##....# #.#
#..### '####...#.#
#.#############.. .#...>...##
#+#.........# ##. #.##.##..#
............# .. #.. #.##..##
............# .. .. #.##...#
............# ## #.###..#
............# #.# #..#


You could see a goblin.

Vanquished Creatures
  3 adders (D:2)
  A worm (D:2)
  A dart slug (D:2)
  3 endoplasms (D:1)
  3 giant cockroaches (D:1)
  8 goblins
  6 hobgoblins
  2 jackals (D:2)
  2 kobolds (D:2)
  2 quokkas
  3 ball pythons
  4 bats
  2 frilled lizards (D:2)
  2 rats (D:1)
42 creatures vanquished.

Vanquished Creatures (others)
  5 toadstools (D:1)
5 creatures vanquished.

Grand Total: 47 creatures vanquished

Notes
Turn   | Place    | Note
-------+----------+-------------------------------------------
     0 | D:1      | ahrsahrtis the Octopode Necromancer began the quest for the
                  | Orb.
     0 | D:1      | Reached XP level 1. HP: 11/11 MP: 3/3
   736 | D:1      | Reached XP level 2. HP: 15/18 MP: 5/5
  1122 | D:1      | Found Evawk's Assorted Antiques.
  1141 | D:1      | Found a faded altar of an unknown god.
  2093 | D:1      | Reached XP level 3. HP: 22/22 MP: 6/6
  2129 | D:2      | Learned a level 1 spell: Animate Skeleton
  2217 | D:2      | Reached skill level 1 in Fighting
  2217 | D:2      | Reached skill level 1 in Unarmed Combat
  2816 | D:2      | Reached XP level 4. HP: 23/28 MP: 1/7
  3231 | D:2      | Slain by a goblin

Illustrated notes

Levels and vault maps discovered:
D:1:      ldierk_walled_garden, layout_basic, serial_co_window_serial,
          co_window_paths_a, co_window_paths_b, co_window_paths_b,
          co_window_paths_a, co_window_paths_b, co_window_cross_1,
          co_window_of_opportunity_a, co_window_paths_a,
          co_window_of_opportunity_a, co_window_paths_c, co_window_broadway_a,
          co_window_unsneaky_path_e, co_window_corner_cb, co_window_broadway_b,
          ebering_ecumenical_altar_abandoned, serial_shops,
          nicolae_shop_overgrown_old_shop, st_stairs_8
D:2:      cheibrodos_greedy_goblins, layout_basic

Skill      XL: |  1  2  3 |
---------------+----------+-----
Fighting       | 1 |  1.5
Unarmed Combat | 1 |  1.3
Dodging        | |  2.6
Stealth        | |  2.7
Spellcasting   | |  2.5
Necromancy     | |  4.3

Action                   |  1- 3 |  4- 6 || total
-------------------------+-------+-------++-------
Melee: Unarmed           |    13 |       ||    13
       Tentacles         |    11 |     6 ||    17
       Constrict         |    16 |     8 ||    24
       Dagger            |    61 |    24 ||    85
       Punch             |     1 |       ||     1
 Cast: Pain              |    29 |     6 ||    35
       Animate Skeleton  |     1 |     1 ||     2
 Stab: Sleeping          |     6 |     1 ||     7
Armor: Skin              |    27 |     1 ||    28
Dodge: Dodged            |    60 |    22 ||    82

Table legend: (Time is in decaauts)
 A = Elapsed time spent in this place.
 B = Non-inter-level travel time spent in this place.
 C = Inter-level travel time spent in this place.
 D = Time resting spent in this place.
 E = Time spent auto-exploring this place.
 F = Levels seen in this place.
 G = Mean time per level.
                   A        B        C        D        E       F      G
               +--------+--------+--------+--------+--------+-----+--------+
         Total |   3230 |   3197 |     33 |      0 |   2841 |   2 | 1615.0 |
       Dungeon |   3230 |   3197 |     33 |      0 |   2841 |   2 | 1615.0 |
               +--------+--------+--------+--------+--------+-----+--------+

Top non-repeatable levels by time:
     D:1: 2125 daAuts
     D:2: 1104 daAuts
